 Dungeon Crawl Stone Soup version 0.26.0-45-g9c1d065592 (webtiles) character file.

Game seed: 5929275407660366912

4735 kaeus the Covert (level 10, -13/71 HPs)
             Began as an Octopode Monk on Jan 27, 2021.
             Was an Elder of Dithmenos.
             Killed from afar by a lindwurm (22 damage)
             ... with a blast of flame
             ... on level 8 of the Dungeon.
             The game lasted 00:18:20 (10152 turns).

kaeus the Covert (Octopode Monk)                   Turns: 10152, Time: 00:18:20

Health: -13/71     AC:  8    Str: 13    XL:     10   Next: 46%
Magic:  12/12      EV: 18    Int: 13    God:    Dithmenos [****..]
Gold:   272        SH:  7    Dex: 17    Spells: 10/12 levels left

rFire    . . .     SeeInvis +   g - +3 dagger (protect)
rCold    + . .     Faith    .   i - +2 buckler
rNeg     . . .     Spirit   .   (helmet restricted)
rPois    +         Reflect  .   (no amulet)
rElec    .         Harm     .   b - ring of resist corrosion
rCorr    +         Rampage  .   w - ring of protection from cold
Will     .....     Clarity  +   y - ring of poison resistance
Stlth    +++++++++.             c - ring of see invisible
HPRegen  0.21/turn              (no ring)
MPRegen  0.13/turn              (no ring)
                                (no ring)
                                (no ring)

@: mighty, brilliant, protection aura, attractive, hasted, wreathed by umbra,
very quick
A: almost no armour, stealthy swim, amphibious, 8 rings, constrict 8, camouflage
1, clarity, screaming 1, strong 1, gelatinous body 1
a: Renounce Religion, Shadow Step


You were on level 8 of the Dungeon.
You worshipped Dithmenos.
Dithmenos was greatly pleased with you.
You visited 2 branches of the dungeon, and saw 9 of its levels.
You also visited: Sewer.

You collected 621 gold pieces.
You spent 349 gold pieces at shops.

Inventory:

Hand Weapons
 a - a +1 short sword
 g - a +3 dagger of protection (weapon)
Armour
 i - a +2 buckler (worn)
Jewellery
 b - a ring of resist corrosion (left tentacle)
 c - a ring of see invisible (on tentacle)
 w - a ring of protection from cold (right tentacle)
 y - a ring of poison resistance (on tentacle)
Wands
 t - a wand of polymorph (15)
 z - a wand of iceblast (7)
Scrolls
 h - 3 scrolls of identify
 l - 2 scrolls of amnesia
 m - 3 scrolls of fog
 n - 4 scrolls of magic mapping
 p - 2 scrolls of teleportation
 r - a scroll of vulnerability
 s - 2 scrolls of remove curse
 v - a scroll of enchant weapon
Potions
 d - 5 potions of haste
 e - 2 potions of magic
 f - 2 potions of curing
 j - a potion of berserk rage {unknown}
 o - 4 potions of flight
 q - a potion of attraction


   Skills:
 + Level 7.0 Fighting
 - Level 6.8 Short Blades
 - Level 6.8 Dodging
 - Level 12.2 Stealth
 - Level 4.0 Shields
 * Level 1.9 Spellcasting
 * Level 2.1 Hexes
 * Level 2.2 Ice Magic


You had 10 spell levels left.
You knew the following spells:

 Your Spells              Type           Power        Failure   Level
a - Ensorcelled Hibernat  Hex/Ice        20%          16%         2

Your spell library contained the following spells:

 Spells                   Type           Power        Failure   Level
 Corona                   Hex            11%          11%         1
 Freeze                   Ice            40%          11%         1
 Beastly Appendage        Tmut           2%           26%         1
 Confusing Touch          Hex            10%          30%         3
 Frozen Ramparts          Ice            20%          30%         3
 Ozocubu's Armour         Ice            10%          30%         3
 Tukima's Dance           Hex            10%          30%         3
 Wereblood                Tmut           1%           36%         2
 Dazzling Flash           Conj/Hex       12%          43%         3
 Spider Form              Tmut/Pois      0%           61%         3
 Hailstorm                Conj/Ice       6%           85%         4
 Ice Form                 Ice/Tmut       6%           85%         4
 Summon Ice Beast         Ice/Summ       6%           85%         4
 Blade Hands              Tmut           0%           100%        5


Dungeon Overview and Level Annotations

Branches:
Dungeon (8/15)             Temple (1/1) D:5           Sewer (visited)
   Lair: D:8-11

Altars:
Ashenzari
Cheibriados
Dithmenos
Elyvilon
Fedhas
Gozag
Hepliaklqana
Kikubaaqudgha
Makhleb
Nemelex Xobeh
Okawaru
Qazlal
Ru
Sif Muna
Trog
Uskayaw
Vehumet
Wu Jian
Xom
Yredelemnul
Zin
The Shining One

Shops:
D:5 [}:}*

Annotations:
D:7 exclusion: oklob plant


Innate Abilities, Weirdness & Mutations

You cannot wear most types of armour.
You are very stealthy in the water. (Stealth+)
You are amphibious.
You can wear up to eight rings at the same time.
You can use your tentacles to constrict eight enemies at once.
Your skin changes colour to match your surroundings (Stealth+).
Your rubbery body absorbs attacks. (AC +1, EV +1)
You possess an exceptional clarity of mind.
You occasionally shout uncontrollably at your foes.
Your muscles are strong. (Str +2)


Message History

You block the lindwurm's attack. The lindwurm misses you.
The lindwurm claws you.
* * * LOW HITPOINT WARNING * * *
You take 3 damage, and have 20/71 hp.
You feel yourself speed up. The lindwurm breathes flames at you.
The blast of flame misses you.
It was a potion of attraction.
You feel attractive to monsters.
It was a potion of brilliance.
You feel clever all of a sudden. The lindwurm bites you!
* * * LOW HITPOINT WARNING * * *
You block the lindwurm's attack. x2
You take 11 damage, and have 9/71 hp.
It was a potion of might.
You feel very mighty all of a sudden. The lindwurm breathes flames at you.
The blast of flame hits you!!
You die...

##..#. ##.. #..###
##... ## #..### . #..))
##.###....###.# #....
.............. #.[..
............# #..).
#..........#..### #....
#..>.)..........# ##...
#@# .##.# #.†.. ##k#.##
.##.# #....
#$.#..##.##.###....
##..##.#..##.#......
#....#.#.###...#....
#.##............#...
.)##.##...#.######.##..
..........#.######..###
...####.........###.#


You could see a lindwurm (catching breath).

Vanquished Creatures
  Pikel (D:5)
  Prince Ribbit (D:8)
  Grinder (D:6)
  A wyvern (D:8)
  Sigmund (D:6)
  An orc warrior (D:8)
  2 ice beasts
  4 phantoms
  2 ogres
  An eye of draining (D:8)
  3 centaurs
  3 lemures
  7 bullfrogs
  A wyvern skeleton (D:7)
  8 scorpions
  6 wights
  3 howler monkeys
  7 hounds
  6 jellies
  2 orc priests
  A bullfrog skeleton (D:5)
  A centaur skeleton (D:6)
  Jessica (D:1)
  An iguana (D:8)
  2 merfolk sirens (Sewer)
  5 orc wizards
  6 worker ants
  A merfolk avatar (Sewer)
  A worker ant zombie (D:8)
  11 adders
  A howler monkey skeleton (D:5)
  2 river rats (Sewer)
  3 white imps
  2 ufetubi
  9 oozes (D:7)
  An adder zombie (D:6)
  3 worms
  3 dart slugs
  2 leopard geckos
  15 orcs
  8 ball pythons
  4 bats
  15 giant cockroaches
  6 goblins
  5 hobgoblins
  3 jackals (D:3)
  5 kobolds (D:1)
  3 quokkas
  6 frilled lizards
  2 goblin zombies (D:5)
  2 hobgoblin zombies (D:5)
  4 kobold skeletons (D:5)
  3 kobold zombies (D:5)
  2 orc skeletons (D:5)
  An orc zombie (D:5)
  A quokka skeleton (D:4)
  33 rats
235 creatures vanquished.

Vanquished Creatures (others)
  12 fungi
12 creatures vanquished.

Grand Total: 247 creatures vanquished

Notes
Turn   | Place    | Note
-------+----------+-------------------------------------------
     0 | D:1      | kaeus the Octopode Monk began the quest for the Orb.
     0 | D:1      | Reached XP level 1. HP: 16/16 MP: 1/1
   183 | D:1      | Reached skill level 3 in Stealth
   461 | D:1      | Reached XP level 2. HP: 21/21 MP: 2/2
  1070 | D:1      | Reached XP level 3. HP: 26/26 MP: 3/3
  1267 | D:2      | Noticed Jessica
  1274 | D:2      | Reached skill level 4 in Stealth
  1648 | D:1      | Reached XP level 4. HP: 28/31 MP: 4/4
  1650 | D:1      | Killed Jessica
  1806 | D:2      | Reached skill level 5 in Stealth
  1806 | D:2      | Reached XP level 5. HP: 33/37 MP: 5/5
  2733 | D:3      | You fall into a shaft and drop 1 floor!
  2774 | D:4      | Reached XP level 6. HP: 43/43 MP: 6/6
  2803 | D:4      | Reached skill level 6 in Stealth
  2893 | D:4      | Found a glowing drain.
  2913 | Sewer    | Entered a sewer
  3489 | D:4      | Found a stormy altar of Qazlal.
  3493 | D:4      | Noticed a water elemental
  3495 | D:4      | Noticed an air elemental
  3499 | D:4      | Noticed a fire elemental
  3566 | D:4      | Reached XP level 7. HP: 49/49 MP: 7/7
  3640 | D:4      | Reached skill level 7 in Stealth
  4683 | D:5      | Entered Level 5 of the Dungeon
  4683 | D:5      | Found Zoppoyll's Gadget Emporium.
  4694 | D:5      | Reached skill level 8 in Stealth
  5125 | D:5      | Found a radiant altar of Vehumet.
  5125 | D:5      | Found a staircase to the Ecumenical Temple.
  5128 | D:5      | Reached XP level 8. HP: 52/54 MP: 8/8
  5131 | D:5      | Found a radiant altar of Vehumet.
  5131 | D:5      | Found a white marble altar of Elyvilon.
  5131 | D:5      | Found a shimmering altar of Xom.
  5131 | D:5      | Found a snail-covered altar of Cheibriados.
  5131 | D:5      | Found a blossoming altar of Fedhas.
  5131 | D:5      | Found a sparkling altar of Nemelex Xobeh.
  5166 | D:5      | Reached skill level 5 in Dodging
  5167 | D:5      | Found Miuxeoxt's Book Shop.
  5363 | D:5      | Found Anaihoex's General Store.
  5367 | D:5      | Bought a +0 buckler for 49 gold pieces
  5377 | D:5      | Found Enuxkas's Gadget Boutique.
  5463 | D:5      | Reached skill level 5 in Short Blades
  5560 | D:5      | Reached skill level 5 in Fighting
  5560 | D:5      | Reached skill level 1 in Shields
  6182 | D:5      | Reached skill level 9 in Stealth
  6276 | D:5      | Found a basalt altar of Yredelemnul.
  6342 | Temple   | Entered the Ecumenical Temple
  6435 | Temple   | Became a worshipper of Dithmenos the Shadowed
  6435 | Temple   | Reached * piety under Dithmenos
  6435 | Temple   | Reached ** piety under Dithmenos
  6510 | D:5      | Found a glowing golden altar of the Shining One.
  6794 | D:5      | Found Vygoekho's Antique Armour Shop.
  7163 | D:6      | Reached XP level 9. HP: 61/61 MP: 9/9
  7193 | D:6      | Found an opulent altar of Gozag.
  7297 | D:6      | Reached skill level 10 in Stealth
  7535 | D:6      | Noticed Sigmund
  7544 | D:6      | Killed Sigmund
  7544 | D:6      | Reached *** piety under Dithmenos
  7770 | D:6      | Noticed Pikel
  8156 | D:5      | Killed Pikel
  8157 | D:5      | Reached skill level 11 in Stealth
  8477 | D:6      | Noticed Grinder
  8481 | D:6      | Killed Grinder
  8586 | D:7      | Noticed an oklob plant
  8833 | D:7      | Reached XP level 10. HP: 69/69 MP: 10/10
  8987 | D:7      | Reached skill level 12 in Stealth
  9111 | D:7      | Reached **** piety under Dithmenos
  9148 | D:7      | Gained mutation: You are frail. (-10% HP) [potion of
                  | mutation]
  9148 | D:7      | Gained mutation: Your mind is acute. (Int +2) [potion of
                  | mutation]
  9148 | D:7      | Gained mutation: You possess an exceptional clarity of
                  | mind. [potion of mutation]
  9149 | D:7      | Lost mutation: You are frail. (-10% HP) [potion of
                  | mutation]
  9149 | D:7      | Lost mutation: You possess an exceptional clarity of mind.
                  | [potion of mutation]
  9149 | D:7      | Lost mutation: Your mind is acute. (Int +2) [potion of
                  | mutation]
  9149 | D:7      | Gained mutation: You possess an exceptional clarity of
                  | mind. [potion of mutation]
  9149 | D:7      | Gained mutation: You occasionally shout uncontrollably at
                  | your foes. [potion of mutation]
  9149 | D:7      | Gained mutation: Your muscles are strong. (Str +2) [potion
                  | of mutation]
  9421 | D:5      | Bought a book of Maledictions for 300 gold pieces
  9424 | D:5      | Learned a level 2 spell: Ensorcelled Hibernation
  9590 | D:8      | Noticed Prince Ribbit
  9594 | D:8      | Reached skill level 1 in Hexes
  9594 | D:8      | Reached skill level 1 in Ice Magic
  9618 | D:8      | Reached skill level 1 in Spellcasting
  9923 | D:8      | Killed Prince Ribbit
 10126 | D:8      | Noticed a two-headed ogre
 10148 | D:8      | Noticed a lindwurm
 10148 | D:8      | a two-headed ogre changed into a lindwurm
 10152 | D:8      | Killed from afar by a lindwurm

Illustrated notes

Levels and vault maps discovered:
D:1:      mrwooster_arrival_arrow, layout_loops_corners
D:2:      layout_rooms, uniq_jessica
D:3:      layout_basic, minivault_11
D:4:      minmay_recursive_quarters, layout_basic,
          nicolae_qazlal_style_of_elements, serial_glass, glass_columns_a,
          glass_columns_b, portal_sewer_entry_b
D:5:      old_forge, layout_basic, nicolae_tso_besieged_by_evil,
          lemuel_doored_altar, grunt_temple_overflow_open,
          minmay_temple_entry_grid, basic_altar, serial_shops, shop, shop,
          nicolae_shop_waterfront, nicolae_shop_temple_entry_statues_fountains,
          nicolae_shop_statue_plus
D:6:      layout_loops_ring, overflow_temple_1_default, uniq_pikel,
          uniq_sigmund, uniq_grinder
D:7:      lemuel_slime, layout_gridville
D:8:      layout_rooms, trog_eyes_of_draining, uniq_prince_ribbit1
Temple:   hc_temple_tempest_star

Skill      XL: |  1  2  3  4  5  6  7  8  9 10 |
---------------+-------------------------------+-----
Stealth        | 3 4 5 6 8 9 11 12 | 12.2
Short Blades   | 4 5 6 |  6.8
Fighting       | 4 5 6 7 |  7.0
Dodging        | 4 5 6 |  6.8
Shields        | 3 4 |  4.0
Hexes          | 2 |  2.1
Ice Magic      | 2 |  2.2
Spellcasting   | 1 |  1.9

Action                   |  1- 3 |  4- 6 |  7- 9 | 10-12 || total
-------------------------+-------+-------+-------+-------++-------
Melee: Dagger            |    69 |   177 |   504 |   153 ||   903
       Constrict         |    17 |    41 |    49 |    21 ||   128
       Tentacles         |    12 |    30 |   109 |    44 ||   195
Evoke: Wand              |       |       |       |     1 ||     1
  Use: Scroll            |     5 |     3 |     4 |     7 ||    19
       Potion            |       |       |     4 |     7 ||    11
 Stab: Sleeping          |     9 |    22 |    23 |     8 ||    62
       Distracted        |       |       |     3 |       ||     3
Armor: Skin              |     3 |    31 |    47 |     8 ||    89
Dodge: Dodged            |    56 |    87 |   244 |    63 ||   450
Block: Buckler           |       |       |    46 |    32 ||    78
